 Dungeon Crawl Stone Soup version 0.19.4-12-gccf7e64 (webtiles) character file.

183 Magnus the Slasher (level 5, -3/41 HPs)
             Began as a Mummy Monk on Feb 27, 2017.
             Slain by an ogre
             ... wielding a +0 giant club
              (21 damage)
             ... on level 4 of the Dungeon.
             The game lasted 00:05:32 (3172 turns).

Magnus the Slasher (Mummy Monk)                     Turns: 3172, Time: 00:05:33

Health: -3/41      AC:  8    Str: 14    XL:     5   Next: 35%
Magic:  5/5        EV: 11    Int:  9    God:
Gold:   173        SH:  0    Dex: 16    Spells: 0 memorised, 4 levels left

rFire  x . .     SeeInvis .     a - +0 falchion
rCold  + . .     Gourm    .     d - +0 ring mail
rNeg   + + +     Faith    .     (no shield)
rPois  ∞         Spirit   .     (no helmet)
rElec  .         Reflect  .     (no cloak)
rCorr  .         Harm     .     f - +2 pair of gloves
MR     .....                    (no boots)
Stlth  +.........               h - amulet of magic regeneration
                                (no ring)
                                (no ring)

@: no status effects
A: no food or potions, fire vulnerability, cold resistance 1, negative energy
resistance 3, torment resistance, unbreathing
a: no special abilities


You were on level 4 of the Dungeon.
You were not hungry.

You visited 1 branch of the dungeon, and saw 4 of its levels.

You collected 173 gold pieces.

Inventory:

Hand Weapons
 a - a +0 falchion (weapon)
Armour
 b - a +0 robe
 d - a +0 ring mail (worn)
 f - a +2 pair of gloves (worn)
Jewellery
 h - an amulet of magic regeneration (around neck)
Wands
 i - a wand of enslavement (13/24)
Scrolls
 c - 2 scrolls of teleportation
 e - a scroll of identify
 g - 3 scrolls of blinking


   Skills:
 - Level 3.0 Fighting
 + Level 5.0 Long Blades
 - Level 2.4 Dodging
 - Level 1.5 Stealth


You had 4 spell levels left.
You didn't know any spells.

Dungeon Overview and Level Annotations

Branches:
Dungeon (4/15)
 Temple: D:4-7

Altars:
Dithmenos
Zin


Innate Abilities, Weirdness & Mutations

You do not eat or drink.
Your flesh is vulnerable to fire.
You are immune to poison.
Your flesh is cold resistant. (rC+)
You are immune to negative energy. (rN+++)
You are immune to unholy pain and torment.
You can survive without breathing.


Message History

An ogre comes into view. It is wielding a giant club.
The ogre shouts!
You hit the ogre.
The ogre is lightly wounded.
The ogre hits you with a giant club!!
Ouch! That really hurt!
You hit the ogre but do no damage.
The ogre is lightly wounded.
The ogre hits you with a giant club.
You hit the ogre but do no damage.
The ogre is lightly wounded.
The ogre barely misses you.
You riposte.
You hit the ogre.
The ogre is moderately wounded.
Your ring mail prevents you from hitting the ogre.
The ogre is moderately wounded.
You barely miss the ogre.
The ogre is moderately wounded.
The ogre hits you with a giant club!!
Ouch! That really hurt!
You die...

##......##
..........#
###....#.##
#....#..###
#....##.#.#
#.... #.#.#
##### #...#
###########..#
#.O@........>#
#.############
#. #O #. #. #.
#.


You could see an ogre.

Vanquished Creatures
  An orc priest (D:3)
  An orc wizard (D:4)
  A worker ant (D:4)
  2 adders
  An ooze (D:4)
  An adder skeleton (D:4)
  3 worms
  2 dart slugs
  A leopard gecko (D:1)
  5 orcs
  3 giant cockroaches
  7 goblins
  5 hobgoblins
  5 kobolds
  A quokka (D:2)
  A ball python (D:2)
  7 bats
  7 frilled lizards
  A quokka skeleton (D:4)
  9 rats
64 creatures vanquished.

Vanquished Creatures (others)
  An orc wizard (D:4)
1 creature vanquished.

Grand Total: 65 creatures vanquished

Notes
Turn   | Place    | Note
-------+----------+-------------------------------------------
     0 | D:1      | Magnus the Mummy Monk began the quest for the Orb.
     0 | D:1      | Reached XP level 1. HP: 18/18 MP: 1/1
   304 | D:1      | Reached XP level 2. HP: 22/24 MP: 2/2
   310 | D:1      | Reached skill level 3 in Long Blades
   919 | D:2      | Reached XP level 3. HP: 12/29 MP: 3/3
  1371 | D:2      | Found a faded altar of an unknown god.
  1866 | D:3      | Found a shadowy altar of Dithmenos.
  1936 | D:3      | Reached skill level 4 in Long Blades
  1936 | D:3      | Reached XP level 4. HP: 35/35 MP: 4/4
  2009 | D:3      | Found a glowing silver altar of Zin.
  2995 | D:4      | Reached XP level 5. HP: 25/41 MP: 5/5
  3010 | D:4      | Reached skill level 5 in Long Blades
  3164 | D:4      | Noticed an ogre
  3172 | D:4      | Slain by an ogre

Skill      XL: |  1  2  3  4  5 |
---------------+----------------+-----
Long Blades    | 3 4 5 |  5.0
Fighting       | |  3.0
Dodging        | |  2.4
Stealth        | |  1.5

Action                   |  1- 3 |  4- 6 || total
-------------------------+-------+-------++-------
Melee: Falchion          |   144 |    79 ||   223
  Use: Scroll            |     5 |     5 ||    10
 Stab: Sleeping          |     1 |     1 ||     2
       Distracted        |     1 |       ||     1
Armor: Ring mail         |    53 |    23 ||    76
       Robe              |     1 |       ||     1
Dodge: Dodged            |   106 |    34 ||   140
       Rpst.: Falchion   |    29 |    17 ||    46
